 Dungeon Crawl Stone Soup version 0.30-a0-218-gedb9141078 (webtiles) character file.

Game seed: 2169633560694819348

142825 Sobieck the Unseen (level 16, -11/74 HPs)
             Began as a Spriggan Earth Elementalist on Oct 5, 2022.
             Was the Champion of Dithmenos.
             Killed from afar by Asterion (40 damage)
             ... with an orb of electricity
             ... on level 2 of the Spider Nest.
             The game lasted 01:55:14 (30189 turns).

Sobieck the Unseen (Spriggan Earth Elementalist)   Turns: 30189, Time: 01:55:15

Health: -11/74     AC:  6    Str:  4    XL:     16   Next: 81%
Magic:  19/34      EV: 28    Int: 28    God:    Dithmenos [******]
Gold:   2485       SH:  0    Dex: 29    Spells: 4/41 levels left

rFire   . . .      SeeInvis +    a - staff of conjuration {!a@e2staff}
rCold   + . .      Faith    .    (shield currently unavailable)
rNeg    . . .      Spirit   .    X - +0 robe "Tufuafoa" {Int+4}
rPois   .          Reflect  .    (helmet restricted)
rElec   .          Harm     .    y - +3 cloak of Peek-a-Boo {rC+ Dex+7}
rCorr   .          Rampage  .    (gloves unavailable)
Will    ++...                    (boots unavailable) Stlth ******++++
                                 v - amulet of magic regeneration {@e2}
HPRegen 0.32/turn                g - ring of wizardry
MPRegen 0.64/turn                r - +6 ring of intelligence

@: wreathed by umbra, very quick
A: very small, no large weapons, unfitting armour, see invisible, speed 3
a: Renounce Religion, Shadow Step, Shadow Form


You were on level 2 of the Spider Nest.
You worshipped Dithmenos.
Dithmenos was exalted by your worship.
You visited 5 branches of the dungeon, and saw 25 of its levels.
You also visited: Ossuary, Bailey and Gauntlet.

You collected 3029 gold pieces.
You spent 544 gold pieces at shops.


Innate Abilities, Weirdness & Mutations

You are very small and have problems with some larger weapons.
You are too small for most types of armour.
You have supernaturally acute eyesight. (SInv)
You cover ground extremely quickly. (Speed+++)


   Skills:
 - Level 4.0 Fighting
 - Level 4.0 Short Blades
 - Level 9.0 Dodging
 - Level 20.0 Stealth
 - Level 13.1 Spellcasting
 - Level 10.0 Conjurations
 + Level 10.4 Summonings
 - Level 6.0 Transmutations
 - Level 14.0 Earth Magic


You had 4 spell levels left.
You knew the following spells:

 Your Spells              Type           Power      Damage    Failure   Level
a - Spellforged Servitor  Conj/Summ      42%        N/A       16%         7
b - Passwall              Tmut/Erth      54%        N/A       1%          2
c - Stone Arrow           Conj/Erth      100%       3d13      1%          3
d - Petrify               Tmut/Erth      65%        N/A       1%          4
e - Iskenderun's Battles  Conj           84%        2d13      1%          5
f - Lee's Rapid Deconstr  Erth           38%        3d20*     1%          5
g - Iron Shot             Conj/Erth      45%        9d9       1%          6
h - Irradiate             Conj/Tmut      38%        3d24      1%          5

Your spell library contained the following spells:

 Spells                   Type           Power      Damage    Failure   Level
 Sandblast                Erth           100%       2d20      0%          1
 Apportation              Tloc           36%        N/A       1%          1
 Beastly Appendage        Tmut           100%       N/A       1%          1
 Foxfire                  Conj/Fire      100%       2x1d9     1%          1
 Necrotise                Necr           72%        1d7       1%          1
 Summon Small Mammal      Summ           100%       N/A       1%          1
 Scorch                   Fire           36%        2d7       1%          2
 Wereblood                Tmut           51%        N/A       1%          2
 Spider Form              Tmut/Pois      35%        N/A       1%          3
 Animate Armour           Summ/Erth      100%       N/A       1%          4
 Fulminant Prism          Conj/Hex       31%        3d16      1%          4
 Iskenderun's Mystic Bla  Conj/Tloc      62%        2d13      1%          4
 Summon Ice Beast         Ice/Summ       47%        N/A       1%          4
 Gell's Gravitas          Tloc           18%        N/A       3%          3
 Kindle Blastsparks       Fire/Tloc/Air  36%        2d13      3%          3
 Vhi's Electric Charge    Tloc/Air       36%        N/A       3%          3
 Animate Dead             Necr           18%        N/A       12%         4
 Dispel Undead            Necr           18%        3d11      12%         4
 Manifold Assault         Tloc           18%        N/A       12%         4
 Blade Hands              Tmut           25%        N/A       2%          5
 Fireball                 Conj/Fire      31%        3d13      4%          5
 Summon Mana Viper        Hex/Summ       47%        N/A       4%          5
 Alistair's Intoxication  Tmut/Pois      23%        N/A       10%         5
 Monstrous Menagerie      Summ           33%        N/A       14%         7
 Starburst                Conj/Fire      31%        6d9       22%         6
 Dragon Form              Tmut           25%        N/A       61%         7
 Dispersal                Tloc           9%         N/A       85%         6
 Disjunction              Tloc           9%         N/A       100%        8

Inventory:

Hand Weapons
 b - a +7 rapier of electrocution {short}
   (You found it on level 6 of the Dungeon)
Missiles
 o - 3 throwing nets {=f!fthrowing}
 u - 39 boomerangs {throwing}
 M - 6 poisoned darts {throwing}
 T - 18 curare-tipped darts {=fthrowing}
Armour
 y - the +3 cloak of Peek-a-Boo (worn) {rC+ Dex+7}
   (You found it on level 2 of the Spider Nest)

   Dex:       It affects your dexterity (+7).
   rC:        It protects you from cold.
 X - the +0 robe "Tufuafoa" (worn) {Int+4}
   (You found it on level 13 of the Dungeon)

   Int:       It affects your intelligence (+4).
Magical Staves
 a - a staff of conjuration (weapon) {!a@e2staff}
   (You found it on level 2 of the Lair of Beasts)
 N - a staff of earth {!astaff}
   (You acquired it on level 4 of the Dungeon)
Jewellery
 g - a ring of wizardry (left hand)
   (You took it off a skeletal warrior on level 14 of the Dungeon)
 r - a +6 ring of intelligence (right hand)
   (You found it on level 1 of the Spider Nest)
 v - an amulet of magic regeneration (around neck) {@e2}
   (You found it on level 3 of the Dungeon)
 D - a +6 ring of dexterity
   (You found it on level 7 of the Dungeon)
 O - a ring of flight
   (You found it on level 14 of the Dungeon)
 P - a ring of protection from fire
   (You found it on level 2 of the Spider Nest)
 Q - a ring of ice
   (You found it on level 9 of the Dungeon)
 Y - an amulet of reflection
   (You found it on level 2 of the Lair of Beasts)
 Z - the ring of Bonaw {rElec rN+}
   (You acquired it in a bailey)

   [ring of positive energy]

   rElec:     It insulates you from electricity.
   rN:        It protects you from negative energy.
Wands
 m - a wand of polymorph (10)
   (You found it on level 8 of the Dungeon)
 q - a wand of paralysis (15)
   (You found it on level 12 of the Dungeon)
 x - a wand of light (26)
   (You found it on level 8 of the Dungeon)
 H - a wand of flame (6)
   (You found it on level 14 of the Dungeon)
 J - a wand of digging (22)
   (You found it on level 6 of the Dungeon)
 S - a wand of iceblast (21)
   (You found it on level 10 of the Dungeon)
Scrolls
 s - 2 scrolls of magic mapping {!r}
 B - 3 scrolls of vulnerability {!r!r}
 F - 5 scrolls of poison {!r}
 G - 9 scrolls of teleportation {@r4}
 K - 7 scrolls of identify {@r1}
 L - 2 scrolls of immolation {!r!r}
 R - 4 scrolls of fog
 V - 2 scrolls of blinking {!r}
 W - 4 scrolls of summoning
Potions
 c - 10 potions of heal wounds {@q2}
 e - 6 potions of ambrosia
 h - 5 potions of might
 i - 2 potions of magic
 j - 4 potions of cancellation
 k - a potion of flight
 l - 6 potions of lignification {!q}
 p - 14 potions of curing {@q1}
 t - 9 potions of haste {@q3}
 w - 9 potions of brilliance
 z - a potion of berserk rage {!q}
 A - 5 potions of invisibility
 C - 5 potions of attraction {!q}
 E - 5 potions of resistance
 U - 3 potions of mutation {!q}
Miscellaneous
 d - a phantom mirror
   (You found it on level 4 of the Lair of Beasts)
 f - a tin of tremorstones (2/2) {throwing}
   (You found it on level 14 of the Dungeon)
 n - a lightning rod (4/4)
   (You found it on level 8 of the Dungeon)
 I - a phial of floods
   (You found it on level 5 of the Lair of Beasts)

Dungeon Overview and Level Annotations

Branches:
Dungeon (15/15) Zot: 25231  Temple (1/1) D:4 Zot: 5947    Lair (5/5) D:10 Zot: 25324
  Swamp (0/4) Lair:2       Spider (2/4) Lair:2 Zot: 10322   Slime (0/5) Lair:4
    Orc (2/2) D:9 Zot: 10232     Elf (0/3) Orc:2        Vaults (0/5) D:13
 Depths (0/4) D:15        Ossuary (visited)          Bailey (visited)
Gauntlet (visited)

Altars:
Ashenzari
Cheibriados
Dithmenos
Elyvilon
Fedhas
Gozag
Hepliaklqana
Kikubaaqudgha
Makhleb
Nemelex Xobeh
Okawaru
Qazlal
Ru
Sif Muna
Trog
Uskayaw
Vehumet
Wu Jian
Xom
Yredelemnul
Zin
The Shining One
Jiyva

Shops:
D:7 :   Orc:2 ?[([

Portals:
Trove: D:13 (give 2 scrolls of acquirement)

Annotations:
D:15 3 runed translucent doors, SigmundSlayer's ghost, journeyman DECj
Lair:5 exclusion: 3 doors
Spider:2 Arachne; Asterion

### ### #.H# ###.##
#.#...######9...####
#.....H§§##.##@#.#.######
#....§§§H§..^....##.#..# #####
#....#§§#§#.#.......##.###...#
##..#.§#§§#####....^...#.....#
######§§§# #....††>..##....
#.### ##.###^######.#. ### ###
### ###. ## ###


You could see Asterion and a friendly spellforged servitor (summoned).


Message History

You are no longer poisoned.
Unknown command.
You start resting.
Your spellforged servitor disappears in a puff of smoke!
Unknown command.
You start resting.
Your battlesphere wavers and loses cohesion.
Unknown command.
You start resting.
Unknown command.
Unknown command.
Unknown command.
Casting: Stone Arrow (safe; 1% risk of failure)
Confirm with . or Enter, or press ? or * to list all spells.
Okay, then.
Unknown command.
Unknown command.
There is an escape hatch in the floor here.
Things that are here:
a redback corpse; a redback corpse You see here a redback corpse.
Unknown command.
Unknown command.
Unknown command.
Unknown command.
Arachne the Weaver comes into view.
She is wielding a staff of poison.
Danger!
Unknown command.
Unknown command.
Unknown command.
Unknown command.
Unknown command.
Casting: Stone Arrow (safe; 1% risk of failure)
Confirm with . or Enter, or press ? or * to list all spells.
The spell is quite dangerous to miscast (16% risk of failure)!
Continue anyway?
You feel a surge of power!
You summon a servant imbued with your destructive magic!
Arachne shouts!
Arachne says, "No one escapes my webs."
Arachne says, "Come closer, little fly."
Arachne hits your spellforged servitor with a staff of poison.
Your spellforged servitor gestures at Arachne while chanting.
The iron shot hits Arachne!!
Unknown command.
Casting: Spellforged Servitor (quite dangerous; 16% risk of failure)
Confirm with . or Enter, or press ? or * to list all spells.
Aiming: Lee's Rapid Deconstruction (safe; 1% risk of failure)
Press: ? - help, Dir - move target A rock wall.
This square is wreathed by an umbra.
The wall shatters!
The blast of rock fragments hits Arachne!!!
You hear a bellow!
Arachne closely misses your spellforged servitor.
Arachne casts a spell at you.
The poison arrow hits your spellforged servitor!
Your spellforged servitor partially resists.
Casting: Lee's Rapid Deconstruction (safe; 1% risk of failure)
Confirm with . or Enter, or press ? or * to list all spells.
Aiming: Lee's Rapid Deconstruction (safe; 1% risk of failure)
Press: ? - help, Dir - move target A rock wall.
This square is wreathed by an umbra.
The wall shatters!
The blast of rock fragments hits Arachne!!!
Arachne hits your spellforged servitor with a staff of poison!
Casting: Lee's Rapid Deconstruction (safe; 1% risk of failure)
Confirm with . or Enter, or press ? or * to list all spells.
Aiming: Lee's Rapid Deconstruction (safe; 1% risk of failure)
Press: ? - help, Dir - move target A rock wall.
This square is wreathed by an umbra.
The wall shatters!
The blast of rock fragments hits Arachne!
Arachne hits your spellforged servitor with a staff of poison!!
Arachne stares at you and mumbles some strange words.
The bolt of poison hits your spellforged servitor.
Your spellforged servitor completely resists.
The bolt of poison hits you!!!
You are poisoned.
Ouch! That really hurt!
* * * LOW HITPOINT WARNING * * *
You emit a cloud of dark smoke.
Asterion the Fallen King comes into view.
He is wielding a +5 vorpal morningstar and wearing a +2 ring mail of poison resistance.
Unknown command.
* * * LOW HITPOINT WARNING * * *
You feel very sick.
Something hits your spellforged servitor!
Unknown command.
* * * LOW HITPOINT WARNING * * *
You feel very sick.
Unknown command.
You feel better.
Unknown command.
Unknown command.
Danger!
Asterion conjures a destructive force in the name of Makhleb!
The orb of electricity explodes!
The orb of electricity engulfs you!!!
Ouch! That really hurt!
You die...

Skill      XL: |  1  2  3  4  5  6  7  8  9 10 11 12 13 14 15 16 |
---------------+-------------------------------------------------+-----
Spellcasting   | 3 4 5 7 9 10 11 13 | 13.1
Short Blades   | 1 2 3 4 |  4.0
Earth Magic    | 3 4 5 7 8 9 10 11 14 | 14.0
Stealth        | 4 5 6 8 11 17 18 20 | 20.0
Transmutations | 2 3 4 6 |  6.0
Conjurations   | 1 2 3 4 5 6 10 | 10.0
Dodging        | 3 6 9 |  9.0
Fighting       | 1 3 4 |  4.0
Summonings     | 3 10 | 10.4

Action                   |  1- 3 |  4- 6 |  7- 9 | 10-12 | 13-15 | 16-18 || total
-------------------------+-------+-------+-------+-------+-------+-------++-------
Melee: Dagger            |    15 |    26 |    37 |   127 |    47 |       ||   252
       Rapier            |       |       |       |       |    69 |    34 ||   103
       Punch             |       |       |       |       |     1 |       ||     1
 Cast: Sandblast         |    64 |    69 |   126 |       |    25 |       ||   284
       Passwall          |       |     4 |    11 |    13 |    16 |     2 ||    46
       Stone Arrow       |       |     1 |    52 |   299 |   293 |   164 ||   809
       Petrify           |       |       |       |     3 |     3 |     5 ||    11
       Iskenderun's Batt |       |       |       |       |    68 |    45 ||   113
       Lee's Rapid Decon |       |       |       |       |    29 |    37 ||    66
       Iron Shot         |       |       |       |       |    17 |    11 ||    28
       Irradiate         |       |       |       |       |     4 |     2 ||     6
       Spellforged Servi |       |       |       |       |       |     3 ||     3
  Use: Scroll            |       |     9 |     9 |    10 |    15 |     2 ||    45
       Potion            |       |       |       |       |     2 |     1 ||     3
 Stab: Sleeping          |     2 |    14 |    25 |    36 |    52 |    10 ||   139
       Petrified         |       |       |       |     2 |     2 |     4 ||     8
       Petrifying        |       |       |       |     1 |     3 |       ||     4
Armor: Robe              |     9 |     4 |    18 |    32 |    27 |     5 ||    95
Dodge: Dodged            |    30 |    42 |    52 |   232 |   313 |    97 ||   766
Block: Buckler           |       |       |    14 |    69 |       |       ||    83

Levels and vault maps discovered:
D:1:      dpeg_arrival_solitude, layout_basic
D:2:      layout_loops_ring, dreamdust_ecumenical_altar_sealed_demon,
          grunt_ministairs_10, st_stairs_11, kennysheep_boxes, uniq_robin
D:3:      layout_loops_ring, lightli_corner_chamber, uniq_crazy_yiuf_cottage
D:4:      layout_basic, minmay_temple_entry_slanted
D:5:      layout_basic, serial_curves, eino_curves_01, eino_curves_04,
          enter_ossuary_2
D:6:      layout_basic, mainiacjoe_overflow_alcove_3, kennysheep_small_circle
D:7:      layout_basic, beargit_hepliaklqana_dungeon_heroes,
          mainiacjoe_overflow_alcove_4, serial_shops, kennysheep_mini_moat,
          gammafunk_ghost_stat_death, uniq_menkaure
D:8:      layout_cave_pools, enter_bailey_3, grunt_ministairs_5,
          nicolae_straight_to_the_point
D:9:      layout_loops_cross, orc_0_dummy, uniq_maggie
D:10:     minmay_the_grid_triangle_9x9_rhombus_thin
          [minmay_the_grid_triangle_9x9_intruding_spiral,
          minmay_the_grid_triangle_9x9_prize_top_heavy,
          minmay_the_grid_triangle_9x9_windchime,
          minmay_the_grid_triangle_9x9_checkered], layout_stronghold,
          lemuel_coloured_pillars_altar, erik_lair_orcish_takeover, uniq_sonja
D:11:     hangedman_screamer, layout_basic, gauntlet_entry_generic,
          kennysheep_generic_room_9
D:12:     layout_rooms, serial_ice, serial_ice_m, serial_ice_o, serial_ice_e,
          serial_ice_g
D:13:     layout_basic, grunt_vaults_entry_tiered,
          nicolae_trove_entry_path_of_doom, hangedman_weighted_door
D:14:     layout_loops_cross, minmay_protected_statue
D:15:     gammafunk_enter_depths_forms, layout_irregular_city,
          amethyst_killhole, portal_ice_cave_entry_ugly_swarm,
          gammafunk_ghost_necromancy, uniq_jorgrun
Temple:   eino_wide_crystal_templ
Lair:1:   layout_regular_city, uniq_urug
Lair:2:   layout_regular_city, swamp_mist_pool, spider_nest_entry_web_field
Lair:3:   layout_regular_city, serial_bayou_pond_e,
          chequers_serial_rivers_micro_a, minmay_shattered_shrine
Lair:4:   layout_misc_corridors, minmay_slime_entry_pillars, special_room
          [special_room_bee], serial_bayou_shore_a, infiniplex_staircase_pool_2
Lair:5:   due_jungle_book, layout_regular_city
Spider:1: layout_spider_delve
Spider:2: layout_spider_delve, drop_trap, uniq_arachne, uniq_asterion,
          uniq_kirke
Orc:1:    layout_diamond_mine, basic_altar
Orc:2:    grunt_orc_community_town_hall, layout_diamond_mine,
          grunt_orc_community_big_house_1, grunt_orc_community_big_house_1,
          grunt_orc_community_house_2, grunt_orc_community_house_3,
          grunt_orc_community_house_1, grunt_orc_community_house_1,
          grunt_orc_community_house_3, grunt_orc_community_house_1

Notes
Turn   | Place    | Note
-------+----------+-------------------------------------------
     0 | D:1      | Sobieck the Spriggan Earth Elementalist began the quest for
                  | the Orb.
     0 | D:1      | Reached XP level 1. HP: 9/9 MP: 5/5
    26 | D:1      | You pick up a book of Changes and begin reading...
    26 | D:1      | You add the spells Beastly Appendage, Wereblood and Spider
                  | Form to your library.
   251 | D:1      | Reached skill level 3 in Spellcasting
   251 | D:1      | Reached XP level 2. HP: 13/13 MP: 7/7
   256 | D:1      | Learned a level 2 spell: Passwall
   587 | D:1      | Reached skill level 1 in Short Blades
   587 | D:1      | Reached skill level 3 in Earth Magic
   903 | D:2      | Reached XP level 3. HP: 16/16 MP: 5/8
  1265 | D:2      | Reached skill level 4 in Stealth
  1333 | D:2      | Noticed Robin
  1370 | D:2      | Killed Robin
  1582 | D:2      | Reached XP level 4. HP: 16/21 MP: 6/10
  1962 | D:2      | Found a faded altar of an unknown god.
  1962 | D:2      | Noticed a balrug
  2092 | D:3      | You pick up a book of Party Tricks and begin reading...
  2092 | D:3      | You add the spells Apportation and Alistair's Intoxication
                  | to your library.
  2288 | D:3      | Noticed a phantom
  2455 | D:3      | You pick up a book of Cantrips and begin reading...
  2455 | D:3      | You add the spells Necrotise and Summon Small Mammal to
                  | your library.
  2493 | D:3      | Reached skill level 2 in Short Blades
  2520 | D:3      | Reached skill level 5 in Stealth
  2520 | D:3      | Reached skill level 4 in Spellcasting
  2520 | D:3      | Reached XP level 5. HP: 24/24 MP: 9/12
  2532 | D:3      | Learned a level 3 spell: Stone Arrow
  2537 | D:3      | Learned a level 4 spell: Petrify
  2728 | D:3      | Found a runed translucent door.
  2729 | D:3      | Noticed Crazy Yiuf
  2852 | D:3      | Killed Crazy Yiuf
  2986 | D:4      | Reached skill level 2 in Transmutations
  3216 | D:4      | Reached XP level 6. HP: 27/28 MP: 11/13
  3475 | D:4      | Reached skill level 1 in Conjurations
  3487 | D:4      | Found a staircase to the Ecumenical Temple.
  3501 | D:4      | Reached skill level 3 in Short Blades
  3509 | Temple   | Entered the Ecumenical Temple
  3579 | Temple   | Became a worshipper of Dithmenos the Shadowed
  3909 | D:4      | Identified a scroll of acquirement
  3909 | D:4      | Acquired a staff of earth
  3948 | D:5      | Entered Level 5 of the Dungeon
  3963 | D:4      | Reached skill level 4 in Earth Magic
  4198 | D:5      | Reached skill level 3 in Transmutations
  4231 | D:5      | Found a sand-covered staircase.
  4236 | Ossuary  | Entered an ossuary
  4244 | Ossuary  | Reached XP level 7. HP: 31/32 MP: 12/15
  4253 | Ossuary  | Reached skill level 6 in Stealth
  4347 | Ossuary  | Reached * piety under Dithmenos
  4348 | Ossuary  | Reached skill level 5 in Spellcasting
  5141 | D:6      | You pick up a book of the Warp and begin reading...
  5141 | D:6      | You add the spells Manifold Assault, Dispersal and
                  | Disjunction to your library.
  5368 | D:6      | Reached skill level 4 in Short Blades
  5368 | D:6      | Reached skill level 2 in Conjurations
  5368 | D:6      | Reached skill level 4 in Transmutations
  5443 | D:6      | Reached XP level 8. HP: 16/36 MP: 15/17
  5443 | D:6      | HP: 7/36 [white imp/puff of frost (10)]
  5444 | D:6      | HP: 2/36 [white imp (3)]
  5733 | D:6      | Reached skill level 7 in Stealth
  5879 | D:6      | Found an ancient bone altar of Kikubaaqudgha.
  5880 | D:6      | Found a bloodstained altar of Trog.
  5881 | D:6      | Found a snail-covered altar of Cheibriados.
  5881 | D:6      | Found a glowing silver altar of Zin.
  5967 | D:7      | Noticed Menkaure
  5972 | D:7      | Killed Menkaure
  5973 | D:7      | Reached skill level 6 in Spellcasting
  5973 | D:7      | Reached skill level 5 in Earth Magic
  5997 | D:7      | Found Xoxuregg's Book Shop.
  6070 | D:7      | Reached skill level 8 in Stealth
  6095 | D:7      | Reached skill level 3 in Conjurations
  6147 | D:7      | Reached ** piety under Dithmenos
  6271 | D:7      | Found a transporter.
  6289 | D:7      | Reached skill level 7 in Spellcasting
  6311 | D:7      | Found a transporter.
  6330 | D:7      | Reached XP level 9. HP: 39/39 MP: 20/20
  6367 | D:7      | Reached skill level 9 in Stealth
  6671 | D:7      | Found a stormy altar of Qazlal.
  6725 | D:7      | Noticed PRIMUS's ghost (novice HuMo)
  6797 | D:7      | You fall into a shaft and drop 3 floors!
  6797 | D:10     | Entered Level 10 of the Dungeon
  6869 | D:10     | Noticed an unseen horror
  7166 | D:9      | Reached skill level 6 in Earth Magic
  7194 | D:9      | Reached skill level 4 in Conjurations
  7299 | D:9      | Reached skill level 10 in Stealth
  7299 | D:9      | Reached skill level 8 in Spellcasting
  7303 | D:9      | Noticed a purple ugly thing
  7328 | D:9      | Noticed a two-headed ogre
  7345 | D:8      | You pick up a book of Iron and begin reading...
  7345 | D:8      | You add the spells Animate Armour, Blade Hands and Iron
                  | Shot to your library.
  7443 | D:7      | Found a faded altar of an unknown god.
  7444 | D:7      | Found a hazy altar of Hepliaklqana.
  7448 | D:7      | HP: 8/39 [orc warrior/+6 flail (21)]
  7797 | D:8      | Found a flagged portal.
  7816 | Bailey   | Entered a bailey
  7821 | Bailey   | Noticed an orc warlord
  8028 | Bailey   | Found a runed translucent gate.
  8032 | Bailey   | Found a runed translucent gate.
  8033 | Bailey   | Found a runed translucent gate.
  8036 | Bailey   | Noticed an orc knight
  8061 | Bailey   | Killed an orc knight
  8062 | Bailey   | Reached skill level 11 in Stealth
  8062 | Bailey   | Reached skill level 9 in Spellcasting
  8062 | Bailey   | Reached skill level 7 in Earth Magic
  8078 | Bailey   | Reached XP level 10. HP: 44/44 MP: 0/24
  8209 | Bailey   | Killed an orc warlord
  8210 | Bailey   | Reached skill level 13 in Stealth
  8254 | Bailey   | Acquired the ring of Bonaw {rElec rN+}
  8429 | D:8      | Reached *** piety under Dithmenos
  8771 | D:8      | Reached skill level 14 in Stealth
  9028 | D:9      | Noticed Maggie
  9074 | D:8      | Reached skill level 15 in Stealth
  9140 | D:9      | Killed Maggie
  9243 | D:9      | Killed a purple ugly thing
  9244 | D:9      | Reached skill level 16 in Stealth
  9293 | D:9      | Killed a two-headed ogre
  9389 | D:9      | Reached skill level 17 in Stealth
  9392 | D:9      | Reached skill level 3 in Dodging
  9453 | D:9      | Found a staircase to the Orcish Mines.
  9750 | D:10     | Reached skill level 1 in Fighting
  9750 | D:10     | Reached XP level 11. HP: 49/49 MP: 12/25
  9828 | D:10     | Noticed a wizard
  9828 | D:10     | Noticed a deep elf pyromancer
  9828 | D:10     | Noticed a wizard
  9828 | D:10     | Noticed an ogre mage
  9974 | D:10     | Found a staircase to the Lair.
 10102 | D:10     | Reached skill level 4 in Dodging
 10134 | D:10     | Noticed Sonja
 10161 | D:10     | Killed Sonja
 10220 | D:10     | Reached skill level 2 in Fighting
 10570 | D:10     | Reached **** piety under Dithmenos
 10638 | D:10     | Reached skill level 5 in Dodging
 10708 | D:10     | You pick up a book of Transfigurations {@e2} and begin
                  | reading...
 10708 | D:10     | You add the spells Irradiate and Dragon Form to your
                  | library.
 10754 | D:10     | You pick up a book of Fire and begin reading...
 10754 | D:10     | You add the spells Foxfire, Fireball and Starburst to your
                  | library.
 10867 | D:10     | Found a white marble altar of Elyvilon.
 11381 | D:11     | Noticed a two-headed ogre
 11389 | D:11     | Killed a two-headed ogre
 11498 | D:11     | Found a gate leading to a gauntlet.
 11507 | Gauntlet | Entered a Gauntlet
 11507 | Gauntlet | Found a large runed translucent door.
 11507 | Gauntlet | Found a large runed translucent door.
 11507 | Gauntlet | Found a large runed translucent door.
 11507 | Gauntlet | Found a large runed translucent door.
 11507 | Gauntlet | Found a runed translucent door.
 11507 | Gauntlet | Found a large runed translucent door.
 11507 | Gauntlet | Found a large runed translucent door.
 11507 | Gauntlet | Found a transporter.
 11507 | Gauntlet | Found a transporter.
 11507 | Gauntlet | Found a large runed translucent door.
 11507 | Gauntlet | Found a large runed translucent door.
 11507 | Gauntlet | Found a runed translucent gate.
 11507 | Gauntlet | Found a runed translucent gate.
 11507 | Gauntlet | Found a transporter.
 11507 | Gauntlet | Found a transporter.
 11526 | Gauntlet | Found a runed translucent door.
 11526 | Gauntlet | Found a runed translucent gate.
 11530 | Gauntlet | Found a transporter.
 11535 | Gauntlet | Found a large runed translucent door.
 11535 | Gauntlet | Found a large runed translucent door.
 11536 | Gauntlet | Found a large runed translucent door.
 11542 | Gauntlet | Found a transporter.
 11550 | Gauntlet | Found a large runed translucent door.
 11550 | Gauntlet | Found a large runed translucent door.
 11551 | Gauntlet | Found a large runed translucent door.
 11552 | Gauntlet | Found a large runed translucent door.
 11552 | Gauntlet | Found a large runed translucent door.
 11578 | Gauntlet | Found a transporter.
 11582 | Gauntlet | Found a transporter.
 11597 | Gauntlet | Found a transporter.
 11606 | Gauntlet | Noticed a hell hog
 11612 | Gauntlet | Noticed a glowing orange brain
 11616 | Gauntlet | Found a transporter.
 11616 | Gauntlet | Noticed a glowing orange brain
 11618 | Gauntlet | Noticed a brown ugly thing
 11633 | Gauntlet | Found a transporter.
 11637 | Gauntlet | Found a transporter.
 11932 | D:11     | Reached skill level 5 in Conjurations
 11935 | D:11     | Reached skill level 3 in Fighting
 11971 | D:11     | Reached skill level 6 in Dodging
 11971 | D:11     | Reached skill level 18 in Stealth
 11971 | D:11     | Reached skill level 8 in Earth Magic
 12255 | D:11     | Reached XP level 12. HP: 50/58 MP: 12/26
 12293 | D:11     | Noticed Josephine
 12432 | D:11     | Reached skill level 7 in Dodging
 12460 | D:11     | Killed Josephine
 12461 | D:11     | Reached skill level 4 in Fighting
 12893 | D:11     | Reached ***** piety under Dithmenos
 13114 | D:12     | Reached skill level 8 in Dodging
 13275 | Lair:1   | Entered Level 1 of the Lair of Beasts
 13305 | Lair:1   | Reached skill level 6 in Conjurations
 13508 | Lair:1   | You pick up a book of Power and begin reading...
 13508 | Lair:1   | You add the spells Iskenderun's Battlesphere and
                  | Spellforged Servitor to your library.
 13627 | Lair:1   | Reached skill level 19 in Stealth
 13698 | Lair:1   | Noticed Urug
 13712 | Lair:1   | Killed Urug
 13713 | Lair:1   | Reached skill level 9 in Earth Magic
 13947 | Lair:2   | Found a hole to the Spider Nest.
 14166 | Lair:2   | Found a staircase to the Swamp.
 14189 | Lair:2   | Reached skill level 9 in Dodging
 14326 | Lair:2   | Reached skill level 20 in Stealth
 14504 | Lair:2   | You pick up a book of Beasts and begin reading...
 14504 | Lair:2   | You add the spells Summon Ice Beast, Summon Mana Viper and
                  | Monstrous Menagerie to your library.
 14941 | Lair:3   | You fall into a shaft and drop 1 floor!
 15102 | Lair:3   | Identified the +0 scale mail of Makhleb's Approval {Int+3
                  | Dex+4}
 15272 | Lair:3   | Noticed a boulder beetle
 15272 | Lair:3   | Noticed a seven-headed hydra
 15275 | Lair:3   | Reached skill level 10 in Spellcasting
 15282 | Lair:3   | Killed a seven-headed hydra
 15311 | Lair:3   | Killed a boulder beetle
 15312 | Lair:3   | Reached XP level 13. HP: 61/61 MP: 28/28
 15366 | Lair:3   | Could not pick up a +0 triple sword {longrare=g} here;
                  | ([A]lways) ignore it?
 15473 | Lair:3   | Reached skill level 7 in Conjurations
 15932 | Lair:4   | Reached skill level 11 in Spellcasting
 16266 | Lair:4   | Found a viscous altar of Jiyva.
 16266 | Lair:4   | Found a staircase to the Slime Pits.
 16415 | Lair:3   | Learned a level 5 spell: Iskenderun's Battlesphere
 16551 | Lair:4   | Reached skill level 8 in Conjurations
 17391 | Lair:5   | Entered Level 5 of the Lair of Beasts
 17884 | Lair:5   | Reached skill level 9 in Conjurations
 18175 | Lair:5   | Reached skill level 10 in Conjurations
 18175 | Lair:5   | Reached ****** piety under Dithmenos
 18572 | Lair:5   | You pick up a book of Fire and begin reading...
 18651 | Lair:5   | Reached skill level 10 in Earth Magic
 18690 | Lair:5   | Reached XP level 14. HP: 66/66 MP: 5/30
 19501 | D:12     | You add the spells Animate Dead and Dispel Undead to your
                  | library.
 19501 | D:12     | Got Pab Naed's Book of the Tainted Mausoleum
 19917 | D:13     | Reached skill level 11 in Earth Magic
 20070 | D:13     | You pick up a book of Blasting and begin reading...
 20070 | D:13     | You add the spells Kindle Blastsparks, Fulminant Prism,
                  | Iskenderun's Mystic Blast and Lee's Rapid Deconstruction to
                  | your library.
 20077 | D:13     | Learned a level 5 spell: Lee's Rapid Deconstruction
 20151 | D:13     | Found a portal to a secret trove of treasure.
 20162 | D:13     | This trove needs 2 scrolls of acquirement to function. Give
                  | it the items?
 20272 | D:13     | Identified a potion of experience
 20273 | D:13     | Reached skill level 13 in Spellcasting
 20273 | D:13     | Reached XP level 15. HP: 70/70 MP: 23/33
 20281 | D:13     | Learned a level 6 spell: Iron Shot
 20376 | D:13     | Learned a level 5 spell: Irradiate
 20586 | D:13     | Reached skill level 12 in Earth Magic
 20597 | D:13     | Identified the +0 robe "Tufuafoa" {Int+4}
 20905 | D:13     | Found a gate to the Vaults.
 21498 | D:14     | Reached skill level 13 in Earth Magic
 21534 | D:14     | Reached skill level 5 in Transmutations
 21771 | D:14     | Reached skill level 6 in Transmutations
 22186 | D:14     | Learned a level 7 spell: Spellforged Servitor
 22324 | D:14     | Reached skill level 1 in Summonings
 22867 | D:15     | Entered Level 15 of the Dungeon
 23312 | Orc:1    | Entered Level 1 of the Orcish Mines
 23316 | Orc:1    | Reached skill level 2 in Summonings
 23444 | Orc:2    | Entered Level 2 of the Orcish Mines
 23629 | Orc:2    | Found Foyqadis's Magic Scroll Shoppe.
 23688 | Orc:2    | Found a staircase to the Elven Halls.
 24408 | Orc:2    | Reached skill level 3 in Summonings
 24639 | Orc:2    | Found Onludduci's Antique Armour Shop.
 24648 | Orc:2    | Bought an embroidered robe for 129 gold pieces
 24730 | Orc:2    | Reached skill level 14 in Earth Magic
 24730 | Orc:2    | Reached XP level 16. HP: 74/74 MP: 15/34
 24881 | Orc:2    | Reached skill level 4 in Summonings
 24910 | Orc:2    | Found Quxt's Antique Armour Shop.
 24928 | Orc:2    | Found Limig's Antique Weapon Boutique.
 25078 | Orc:2    | Bought a smoking robe for 153 gold pieces
 25078 | Orc:2    | Identified the +0 robe of a Million Violins {rC+ rN+
                  | Stlth+} (You bought it in a shop on level 2 of the Orcish
                  | Mines)
 25085 | Orc:2    | Bought a pitted whip for 262 gold pieces
 25085 | Orc:2    | Identified the +0 whip of Shame {vorpal, Will+} (You bought
                  | it in a shop on level 2 of the Orcish Mines)
 25935 | D:15     | Reached skill level 5 in Summonings
 26142 | D:15     | Found a runed translucent gate.
 26142 | D:15     | Found a runed translucent gate.
 26241 | D:15     | Noticed Jorgrun
 26274 | D:15     | Killed Jorgrun
 26275 | D:15     | Reached skill level 6 in Summonings
 26547 | D:15     | Found a runed translucent gate.
 26552 | D:15     | Noticed SigmundSlayer's ghost (journeyman DECj)
 26574 | D:15     | You add the spells Scorch, Gell's Gravitas and Vhi's
                  | Electric Charge to your library.
 26574 | D:15     | Got Yrghiabb's Meditations on the Voyage and Calefaction
 26744 | D:15     | Reached skill level 7 in Summonings
 26889 | D:15     | Found a staircase to the Depths.
 27352 | D:7      | Killed PRIMUS's ghost
 27513 | D:10     | Reached skill level 8 in Summonings
 27570 | D:10     | Identified the +8 falchion of the Blushing Seer {venom,
                  | rElec Will+ Stlth+}
 27570 | D:10     | Identified the +5 flail of Ucaev {flame, Contam rN+ Int+2
                  | Stlth+}
 27697 | Spider:1 | Entered Level 1 of the Spider Nest
 28422 | Spider:1 | Reached skill level 9 in Summonings
 28738 | Spider:1 | You pick up a book of Cantrips and begin reading...
 29724 | Spider:2 | Reached skill level 10 in Summonings
 29814 | Spider:2 | Noticed Kirke
 29817 | Spider:2 | Killed Kirke
 29872 | Spider:2 | Identified the +3 cloak of Peek-a-Boo {rC+ Dex+7}
 30174 | Spider:2 | Noticed Arachne
 30180 | Spider:2 | Noticed Asterion
 30189 | Spider:2 | Killed from afar by Asterion

Vanquished Creatures
  Jorgrun (D:15)
  Kirke (Spider:2)
  2 orc warlords
  2 very ugly things (D:15)
  Josephine (D:11)
  An entropy weaver (Spider:1)
  2 catoblepae
  6 hydras
  3 vault guards (D:13)
  A jorogumo (Spider:2)
  An ogre mage (D:10)
  5 centaur warriors
  5 boulder beetles
  A satyr (shapeshifter) (D:15)
  2 two-headed ogres
  A tengu warrior (D:13)
  2 orc high priests (Orc:2)
  A death yak (Lair:4)
  Urug (Lair:1)
  Sonja (D:10)
  6 skeletal warriors
  2 sun moths (Spider:1)
  The ghost of PRIMUS the Chucker, a novice HuMo of Qazlal (D:7)
  2 steelbarb worms
  3 pharaoh ants
  A glowing orange brain (D:15)
  4 orb spiders
  An orange crystal statue (D:14)
  5 wizards
  4 orc knights
  4 wolf spiders
  An orc sorcerer (Orc:1)
  2 necromancers (D:13)
  4 deep elf pyromancers
  5 cyclopes
  21 ugly things
  3 manticores
  5 black mambas
  24 elephants
  9 centaur zombies
  A torpor snail (Lair:5)
  8 cane toads
  A rime drake (shapeshifter) (D:15)
  An unseen horror (D:10)
  3 demonic crawlers
  Maggie (D:9)
  7 centaur skeletons
  9 komodo dragons
  2 kobold demonologists
  4 yaktaurs (D:15)
  2 guardian mummies (D:13)
  A harpy zombie (D:13)
  2 freezing wraiths
  A tengu conjurer (D:13)
  A queen bee (Lair:4)
  9 trolls
  2 polar bears
  A wind drake (shapeshifter) (D:15)
  3 meliai (Lair:4)
  A wolf spider simulacrum (D:13)
  4 blink frogs (Lair:4)
  6 tarantellas
  A meliai (shapeshifter) (D:14)
  13 slime creatures
  4 flying skulls (D:11)
  A culicivora (shapeshifter) (D:13)
  2 centaur simulacra (D:12)
  12 jumping spiders
  2 vampires
  3 shadows (D:11)
  A culicivora (Spider:1)
  2 wraiths (D:11)
  3 wyverns
  A hog (Spider:2)
  2 basilisks
  29 yaks
  16 humans (D:13)
  4 vampire mosquitoes (D:13)
  14 redbacks
  Menkaure (D:7)
  4 wargs
  3 acid dragons
  9 water moccasins
  A black bear (D:7)
  38 orc warriors
  4 sky beasts
  2 ice beasts
  6 ogres
  8 centaurs
  A phantom (D:7)
  2 bullfrogs
  A necrophage (D:4)
  3 scorpions
  2 water moccasin zombies (Ossuary)
  8 wights
  A hornet simulacrum (D:15)
  29 killer bees
  12 howler monkeys
  3 quasits (D:7)
  3 hounds
  5 jellies
  Crazy Yiuf (D:3)
  21 orc priests
  7 iguanas
  39 orc wizards
  4 hell rats (Lair:5)
  A boggart simulacrum (D:14)
  2 mummies (Ossuary)
  Robin (D:2)
  A howler monkey zombie (D:11)
  A howler monkey skeleton (D:11)
  6 gnolls
  6 adders
  4 white imps
  3 ufetubi
  4 adder zombies (Ossuary)
  A worm (D:2)
  2 dart slugs
  95 orcs
  6 endoplasms
  3 giant cockroaches
  4 gnoll zombies (Ossuary)
  18 goblins
  9 hobgoblins
  14 kobolds
  14 ball pythons
  8 bats
  4 frilled lizards
  4 hobgoblin zombies (Ossuary)
  3 kobold zombies (Ossuary)
  4 orc zombies (Ossuary)
  3 rats
766 creatures vanquished.

Vanquished Creatures (collateral kills)
  A tarantella (Spider:2)
  4 redbacks (Spider:2)
5 creatures vanquished.

Vanquished Creatures (others)
  A human (Spider:2)
  33 fungi
  24 plants
58 creatures vanquished.

Grand Total: 829 creatures vanquished

Table legend:
 A = Non-vault XP
 B = Vault XP
 C = Vault XP percentage of total XP
 D = Non-vault monster count
 E = Vault monster count
 F = Vault count percentage of total count
                 A         B        C        D         E       F
            +---------+---------+-------+---------+---------+-------
      Total |   98132 |   64307 |  39.6 |     470 |     301 |  39.0
            +---------+---------+-------+---------+---------+-------
        D:1 |      35 |       0 |   0.0 |      21 |       0 |   0.0
        D:2 |      31 |      34 |  52.3 |      15 |      13 |  46.4
        D:3 |     140 |      41 |  22.7 |      15 |       1 |   6.2
        D:4 |     368 |       0 |   0.0 |      26 |       0 |   0.0
        D:5 |     274 |       0 |   0.0 |      10 |       0 |   0.0
        D:6 |     476 |      42 |   8.1 |       9 |       1 |  10.0
        D:7 |    1309 |    1195 |  47.7 |      20 |       6 |  23.1
        D:8 |     888 |     936 |  51.3 |      17 |      10 |  37.0
        D:9 |    2856 |     389 |  12.0 |      18 |       1 |   5.3
       D:10 |    2266 |    7313 |  76.3 |      17 |      24 |  58.5
       D:11 |    1373 |   10174 |  88.1 |       9 |      32 |  78.0
       D:12 |    4978 |    1003 |  16.8 |      18 |       7 |  28.0
       D:13 |    7740 |   11422 |  59.6 |      20 |      32 |  61.5
       D:14 |   10475 |     647 |   5.8 |      19 |       1 |   5.0
       D:15 |    6129 |   12473 |  67.1 |      14 |      21 |  60.0
     Lair:1 |     707 |     788 |  52.7 |       3 |       1 |  25.0
     Lair:2 |    4824 |       0 |   0.0 |      12 |       0 |   0.0
     Lair:3 |    4309 |    4469 |  50.9 |      14 |      10 |  41.7
     Lair:4 |    3905 |    2806 |  41.8 |      11 |      27 |  71.1
     Lair:5 |   16230 |       0 |   0.0 |      43 |       0 |   0.0
   Spider:1 |   12935 |       0 |   0.0 |      33 |       0 |   0.0
   Spider:2 |    9406 |    1596 |  14.5 |      24 |       2 |   7.7
      Orc:1 |    2793 |       0 |   0.0 |      44 |       0 |   0.0
      Orc:2 |    3685 |    6722 |  64.6 |      38 |      71 |  65.1
    Ossuary |       0 |     237 | 100.0 |       0 |      23 | 100.0
     Bailey |       0 |    2020 | 100.0 |       0 |      18 | 100.0
            +---------+---------+-------+---------+---------+-------

Illustrated notes

Table legend:
 A = Kills in this place as a percentage of kills in entire the game.
 B = Kills by you in this place as a percentage of kills by you in the entire game.
 C = Kills by friends in this place as a percentage of kills by friends in the entire game.
 D = Other kills in this place as a percentage of other kills in the entire game.
 E = Experience gained in this place as a percentage of experience gained in the entire game.
 F = Experience gained in this place divided by the number of levels of this place that you have seen.
                   A       B       C       D       E      F
               +-------+-------+-------+-------+-------+----------------------
         Total | 100.0 | 100.0 | 100.0 |   N/A | 100.0 | 5801.4
       Dungeon |  51.5 |  51.8 |   0.0 |   N/A |  52.3 | 5667.1
          Lair |  15.7 |  15.8 |   0.0 |   N/A |  23.4 | 7607.6
   Spider Nest |   7.7 |   7.0 | 100.0 |   N/A |  14.7 | 11968.5
  Orcish Mines |  19.8 |  20.0 |   0.0 |   N/A |   8.1 | 6600.0
       Ossuary |   3.0 |   3.0 |   0.0 |   N/A |   0.1 | 237.0
        Bailey |   2.3 |   2.3 |   0.0 |   N/A |   1.2 | 2020.0
               +-------+-------+-------+-------+-------+----------------------

Table legend: (Time is in decaauts)
 A = Elapsed time spent in this place.
 B = Non-inter-level travel time spent in this place.
 C = Inter-level travel time spent in this place.
 D = Time resting spent in this place.
 E = Time spent auto-exploring this place.
 F = Levels seen in this place.
 G = Mean time per level.
                   A        B        C        D        E       F      G
               +--------+--------+--------+--------+--------+-----+--------+
         Total |  22078 |  20795 |   1283 |   4621 |   9434 |  28 |  788.5 |
       Dungeon |  13338 |  12407 |    931 |   2379 |   6179 |  15 |  889.2 |
        Temple |     52 |     43 |      9 |      0 |     25 |   1 |   52.0 |
          Lair |   4501 |   4293 |    208 |   1017 |   2092 |   5 |  900.2 |
   Spider Nest |   1677 |   1664 |     13 |    647 |    427 |   2 |  838.5 |
  Orcish Mines |   1767 |   1647 |    120 |    392 |    711 |   2 |  883.5 |
       Ossuary |    277 |    277 |      0 |    109 |      0 |   1 |  277.0 |
        Bailey |    341 |    341 |      0 |     76 |      0 |   1 |  341.0 |
      Gauntlet |    121 |    121 |      0 |      0 |      0 |   1 |  121.0 |
               +--------+--------+--------+--------+--------+-----+--------+

Top non-repeatable levels by time:
    D:10: 1428 daAuts
    D:11: 1413 daAuts
    D:13: 1388 daAuts
  Lair:4: 1282 daAuts
   Orc:2: 1168 daAuts
    D:15: 1069 daAuts
Spider:1: 1063 daAuts
  Lair:5: 971 daAuts
     D:2: 912 daAuts
     D:9: 911 daAuts
     D:7: 908 daAuts
    D:14: 899 daAuts
  Lair:2: 875 daAuts
  Lair:3: 860 daAuts
     D:8: 775 daAuts
